 Dungeon Crawl Stone Soup version 0.17.1-1-g73c8601 (webtiles) character file.

86 JustSomeDude the Insei (level 4, -1/24 HPs)
             Began as a Vine Stalker Monk on Dec 15, 2015.
             Was an Initiate of Gozag.
             Succumbed to poison (a potion of poison)
             ... on level 3 of the Dungeon on Dec 16, 2015.
             The game lasted 00:08:17 (1347 turns).

JustSomeDude the Insei (Vine Stalker Monk)          Turns: 1347, Time: 00:08:17

Health: -1/24      AC:  2    Str: 14    XL:     4   Next: 50%
Magic:  5/5        EV: 13    Int: 10    God:    Gozag
Gold:   201        SH:  0    Dex: 17    Spells: 0 memorised, 3 levels left

rFire  . . .     SeeInvis .       - Unarmed
rCold  . . .     Clarity  .     a - +0 robe
rNeg   . . .     SustAt   .     (no shield)
rPois  .         Gourm    .     (no helmet)
rElec  .         Spirit   +     (no cloak)
rCorr  .         Warding  .     (no gloves)
rMut   .         Stasis   .     (no boots)
MR     .....                    (no amulet)
Stlth  ++........               (no ring)
                                (no ring)

@: lethally poisoned (-1 -> -13), not resistant to hostile enchantments,
unstealthy
A: fangs 2, regeneration 1, magic shield, antimagic bite, no device heal 3, rot
immunity
a: Potion Petition, Call Merchant, Bribe Branch, Renounce Religion


You were on level 3 of the Dungeon.
You worshipped Gozag.
Gozag was noncommittal.
You were not hungry.

You visited 1 branch of the dungeon, and saw 3 of its levels.

You collected 201 gold pieces.

Inventory:

Armour
 a - a +0 robe (worn)
Jewellery
 o - an uncursed ring of fire {unknown}
Wands
 p - a wand of random effects (36)
Scrolls
 c - 2 scrolls of remove curse
 d - a scroll of recharging {unknown}
 e - 2 scrolls of teleportation {unknown}
 g - 2 scrolls of enchant weapon {unknown}
 h - 2 scrolls of blinking {unknown}
 k - 2 scrolls of identify {unknown}
 m - a scroll of random uselessness {unknown}
Potions
 j - a potion of brilliance {unknown}
 q - a potion of ambrosia
Comestibles
 f - 2 meat rations
 l - a beef jerky


   Skills:
 + Level 3.0 Fighting
 + Level 3.0 Dodging
 + Level 3.2 Stealth
 + Level 4.8 Unarmed Combat


You had 3 spell levels left.
You didn't know any spells.

Dungeon Overview and Level Annotations

Branches:
Dungeon (3/15)

Altars:
Gozag
Nemelex Xobeh

Annotations:
D:3 emiel's ghost, weakling KoEE


Innate Abilities, Weirdness & Mutations

You have extremely sharp teeth.
Your natural rate of healing is unusually fast.
When hurt, damage is shared between your health and your magic reserves.
Your bite disrupts and absorbs the magic of your enemies.
Potions and wands cannot restore your health.
You are immune to rotting.


Message History

Emiel's ghost closely misses you.
The hobgoblin is distracted by the nearby gold.
You hit emiel's ghost.
You bite emiel's ghost, but do no damage.
Emiel's ghost is moderately damaged.
You feel sick. Emiel's ghost hits you.
* * * LOW HITPOINT WARNING * * *
You hit emiel's ghost. Your bite misses emiel's ghost.
Emiel's ghost is heavily damaged.
* * * LOW HITPOINT WARNING * * *
You feel sick. Emiel's ghost hits you.
It was a potion of poison.
That liquid tasted very nasty...
You are more poisoned.
* * * LOW HITPOINT WARNING * * *
You feel sick.
The hobgoblin is no longer distracted by gold.
Emiel's ghost hits you.
It was a potion of magic.
Magic courses through your body.
You die...
Your body crumbles into a pile of gold.

.?.....
.......#####
............####
...............#
#...###.......#
#.....<.......#
..[#####...ggK.#
#####W### #@.#
##.# .# .# .# .#
.# !# $


You could see emiel's ghost, a hobgoblin, a goblin and a kobold.

Vanquished Creatures
  3 adders
  An ooze (D:2)
  2 worms (D:2)
  2 giant geckos
  A ball python (D:1)
  A giant cockroach (D:2)
  12 goblins
  10 hobgoblins
  4 kobolds
  A quokka (D:2)
  4 bats
  2 giant newts
  2 rats
45 creatures vanquished.

Notes
Turn   | Place    | Note
--------------------------------------------------------------
     0 | D:1      | JustSomeDude the Vine Stalker Monk began the quest for the Orb.
     0 | D:1      | Reached XP level 1. HP: 11/11 MP: 2/2
   142 | D:1      | Reached XP level 2. HP: 10/16 MP: 3/3
   491 | D:1      | Reached XP level 3. HP: 17/19 MP: 2/4
   603 | D:2      | Found an opulent altar of Gozag.
   609 | D:2      | Became a worshipper of Gozag Ym Sagoz the Greedy
   899 | D:2      | Reached XP level 4. HP: 22/24 MP: 5/5
   942 | D:2      | Found a sparkling altar of Nemelex Xobeh.
  1326 | D:3      | Noticed emiel's ghost (weakling KoEE)
  1346 | D:3      | HP: 1/24 [poison (a potion of poison)]
  1347 | D:3      | Succumbed to poison (a potion of poison)

Action                   |  1- 3 |  4- 6 || total
-------------------------+-------+-------++-------
Melee: Unarmed           |    84 |    35 ||   119
Invok: Potion Petition   |     1 |       ||     1
  Use: Potion            |       |     3 ||     3
       Scroll            |       |     1 ||     1
 Stab: Sleeping          |     7 |       ||     7
  Eat: Bread ration      |       |     1 ||     1
